 Dungeon Crawl Stone Soup version 0.29.1-15-g9cfb28693d (webtiles) character file.

Game seed: 5856906552625534547

4375 Sharkman1231 the Tainter (level 10, -22/70 (75) HPs)
             Began as a Naga Venom Mage on Apr 16, 2023.
             Was an Initiate of Makhleb.
             Annihilated by a cyclops (36 damage)
             ... on level 7 of the Dungeon.
             The game lasted 00:11:38 (11575 turns).

Sharkman1231 the Tainter (Naga Venom Mage)         Turns: 11575, Time: 00:11:39

HP:   -22/70 (75)   AC: 12    Str: 12    XL:     10   Next: 35%
MP:   14/18         EV:  9    Int: 21    God:    Makhleb [......]
Gold: 491           SH:  0    Dex: 15    Spells: 8/19 levels left

rFire   . . .      SeeInvis +   I - +2 quarterstaff (chaos)
rCold   + . .      Faith    .   (shield currently unavailable)
rNeg    . . .      Spirit   .   k - +2 leather armour {rC+}
rPois   +          Reflect  .   r - +0 helmet
rElec   .          Harm     .   J - +0 cloak
rCorr   .          Rampage  .   (no gloves)
Will    +....                   (no barding)
Stlth   ++........              (no amulet)
HPRegen 0.21/turn               f - +4 ring of protection
MPRegen 0.16/turn               s - +6 ring of intelligence

@: short of breath, drained, very slow
A: AC +3, large, see invisible, deformed body, poison resistance, slowness 2,
spit poison 1, naga tail 1
a: Spit Poison, Renounce Religion


You were on level 7 of the Dungeon.
You worshipped Makhleb.
Makhleb was noncommittal.
You visited 2 branches of the dungeon, and saw 8 of its levels.
You also visited: Sewer.

You collected 491 gold pieces.

Inventory:

Hand Weapons
 c - a +2 scythe of venom
 I - a +2 quarterstaff of chaos (weapon)
Missiles
 p - 2 throwing nets
Armour
 k - a +2 leather armour of cold resistance (worn)
 r - a +0 helmet (worn)
 t - a scarf of resistance
 J - a +0 cloak (worn)
Magical Staves
 a - a staff of poison
Jewellery
 f - a +4 ring of protection (left hand)
 m - a +6 ring of dexterity
 s - a +6 ring of intelligence (right hand)
 y - a ring of flight
 E - a ring of positive energy
 K - a ring of resist corrosion
Wands
 j - a wand of mindburst (18)
 D - a wand of polymorph (13)
 F - a wand of flame (12)
 H - a wand of digging (5)
Scrolls
 o - 2 scrolls of enchant armour {unknown}
 q - a scroll of enchant weapon {unknown}
 u - a scroll of poison {unknown}
 v - 6 scrolls of teleportation
 w - 2 scrolls of amnesia {unknown}
 A - a scroll of vulnerability {unknown}
 B - a scroll of brand weapon
 C - a scroll of butterflies
 G - a scroll of summoning
 L - a scroll of blinking {unknown}
Potions
 b - 3 potions of magic
 d - 8 potions of attraction
 e - 3 potions of heal wounds
 g - 4 potions of might
 h - 6 potions of curing
 i - a potion of haste {unknown}
 l - 2 potions of resistance
 n - a potion of flight {unknown}
 x - a potion of cancellation
 z - 2 potions of lignification
 M - 3 potions of degeneration {unknown}
 N - a potion of ambrosia {unknown}


   Skills:
 - Level 2.0(3.2) Polearms
 + Level 3.9(4.2) Staves
 - Level 1.9 Dodging
 - Level 3.5 Stealth
 + Level 5.3 Spellcasting
 + Level 0.5 Conjurations
 - Level 7.4 Transmutations
 + Level 0.5 Ice Magic
 - Level 7.0 Air Magic
 - Level 10.5 Poison Magic


You had 8 spell levels left.
You knew the following spells:

 Your Spells              Type           Power      Damage    Failure   Level
a - Sting                 Tmut/Pois      100%       1d8       1%          1
b - Poisonous Vapours     Pois/Air       84%        N/A       1%          2
c - Mephitic Cloud        Conj/Pois/Air  30%        N/A       3%          3
d - Freezing Cloud        Conj/Ice/Air   8%         6-21      77%         5

Your spell library contained the following spells:

 Spells                   Type           Power      Damage    Failure   Level
 Olgreb's Toxic Radiance  Pois           49%        N/A       1%          4
 Ignite Poison            Fire/Tmut/Pois 30%        N/A       3%          3
 Blink                    Tloc           10%        N/A       21%         2
 Summon Lightning Spire   Summ/Air       20%        N/A       30%         4
 Conjure Flame            Conj/Fire      6%         6-21      34%         3
 Lesser Beckoning         Tloc           5%         N/A       36%         3
 Sticky Flame             Conj/Fire      6%         2d3       75%         4
 Manifold Assault         Tloc           5%         N/A       98%         5
 Storm Form               Tmut/Air       18%        N/A       99%         7
 Maxwell's Capacitive Co  Air            17%        ∞         100%        8


Dungeon Overview and Level Annotations

Branches:
Dungeon (7/15)             Temple (1/1) D:4           Sewer (visited)

Altars:
Ashenzari
Cheibriados
Dithmenos
Elyvilon
Gozag
Hepliaklqana
Kikubaaqudgha
Makhleb
Nemelex Xobeh
Okawaru
Qazlal
Ru
Sif Muna
Trog
Uskayaw
Vehumet
Wu Jian
Yredelemnul
Zin
The Shining One


Innate Abilities, Weirdness & Mutations

Your serpentine skin is tough. (AC +3)
You have supernaturally acute eyesight. (SInv)
Armour fits poorly on your strangely shaped body.
Your system is resistant to poisons. (rPois)
You cover ground very slowly.
You can spit poison.
You have a snake-like lower body.


Message History

The cyclops is engulfed in noxious fumes.
The cyclops appears confused.
The cyclops is engulfed in noxious fumes.
You hit the cyclops. You burn the cyclops.
The cyclops is lightly wounded.
The cyclops is engulfed in noxious fumes.
You hit the cyclops. Lightning courses through the cyclops!
The cyclops is heavily wounded.
You catch the helpless cyclops completely off-guard!
You hit the cyclops.
The cyclops seems to grow stronger.
The cyclops is heavily wounded.
You hit the cyclops. You freeze the cyclops.
The cyclops is heavily wounded.
The cyclops hits you!!
You hit the cyclops.
The cyclops is poisoned.
The cyclops is heavily wounded.
You hit the cyclops.
The cyclops is severely wounded.
You hit the cyclops. You freeze the cyclops.
The cyclops is almost dead.
The cyclops seems less confused.
The cyclops barely misses you.
Aiming: Spit Poison (1% risk of failure)
Press: ? - help, Shift-Dir - straight line, f/p - cyclops
Aim: a cyclops, quivering large rocks (almost dead, strong, very poisoned, 97% to hit)
The splash of poison misses the cyclops.
The cyclops hits you!!
* * * LOW HITPOINT WARNING * * *
Casting: Mephitic Cloud (dangerous; 3% risk of failure)
Confirm with . or Enter, or press ? or * to list all spells.
Aiming: Mephitic Cloud (dangerous; 3% risk of failure)
Press: ? - help, Shift-Dir - straight line, f/p - cyclops
Aim: a cyclops, quivering large rocks (almost dead, strong, poisoned, chance to affect: 58%)
The ball explodes into a vile cloud!
The stinking cloud engulfs the cyclops but does no damage.
The cyclops is almost dead.
The stinking cloud engulfs you but does no damage.
The cyclops is engulfed in noxious fumes.
The cyclops appears confused.
The cyclops hits you!!!
Ouch! That really hurt!
You die...

#............#.#.##..##'##
###))).#.#######.#..#..#...#
#....)..............##.#._.#
#.#.###.#.######.#...###...#
###.#.)..................#####
#.......#.#.#.#.##.##.##......
#######.....#§#.##.....##.....
#..#.....#C#.............##
####..#....##@################
#.....#....##.................
###.#.#....###################
#.#.#....# ..##.## #######
#.#.#....# #..#.###.....##
#.###...)# #.#.##........
#.###....# ####.C###......##
#.##..)).###.#.##l##).....#
#....))####[#.## [##.######


You could see a cyclops (strong, confused, poisoned).

Vanquished Creatures
  Joseph (D:7)
  An unseen horror (D:7)
  Prince Ribbit (D:5)
  Sigmund (D:2)
  Duvessa (D:7)
  3 ice beasts
  Pargi (Sewer)
  A black bear (D:4)
  An orc warrior (D:7)
  4 sky beasts
  4 ogres
  6 centaurs
  2 phantoms
  3 bullfrogs
  A kobold brigand (D:7)
  A gnoll sergeant (D:7)
  A necrophage (D:4)
  3 scorpions
  3 wights (D:7)
  Dowan (D:7)
  A howler monkey (D:4)
  A jelly (D:7)
  Crazy Yiuf (D:5)
  4 hounds
  An iguana (D:7)
  2 orc wizards (D:7)
  Robin (D:3)
  3 gnolls (D:7)
  2 river rats (D:4)
  14 adders
  A white imp (D:7)
  An ufetubus (D:6)
  A worm (D:4)
  3 dart slugs
  21 orcs
  6 endoplasms
  4 giant cockroaches
  14 goblins
  17 hobgoblins
  2 jackals (D:1)
  3 quokkas
  6 ball pythons
  7 bats
  3 frilled lizards
  9 kobolds
  6 rats
174 creatures vanquished.

Vanquished Creatures (collateral kills)
  An orc priest (D:7)
  An orc (D:7)
2 creatures vanquished.

Vanquished Creatures (others)
  17 plants
17 creatures vanquished.

Grand Total: 193 creatures vanquished

Notes
Turn   | Place    | Note
-------+----------+-------------------------------------------
     0 | D:1      | Sharkman1231 the Naga Venom Mage began the quest for the
                  | Orb.
     0 | D:1      | Reached XP level 1. HP: 15/15 MP: 3/3
    14 | D:1      | Found a faded altar of an unknown god.
   365 | D:1      | You fall into a shaft and drop 1 floor!
   398 | D:2      | Reached XP level 2. HP: 9/22 MP: 1/5
   825 | D:2      | Found a shimmering blue altar of Sif Muna.
  1044 | D:2      | Reached XP level 3. HP: 26/28 MP: 6/6
  1157 | D:2      | Noticed Sigmund
  2303 | D:1      | Learned a level 2 spell: Poisonous Vapours
  2310 | D:1      | Reached XP level 4. HP: 31/36 MP: 3/7
  3572 | D:3      | Learned a level 3 spell: Mephitic Cloud
  3588 | D:2      | Killed Sigmund
  3589 | D:2      | Reached skill level 1 in Air Magic
  3589 | D:2      | Reached skill level 5 in Poison Magic
  3589 | D:2      | Reached XP level 5. HP: 31/42 MP: 1/9
  3589 | D:2      | Reached XP level 6. HP: 36/49 MP: 1/10
  3889 | D:3      | Noticed Robin
  3909 | D:3      | Killed Robin
  4054 | D:3      | Found a bloodstained altar of Trog.
  4054 | D:3      | Found an ornate altar of the Wu Jian Council.
  4692 | D:4      | Reached skill level 6 in Poison Magic
  4700 | D:4      | Reached skill level 1 in Polearms
  4700 | D:4      | Reached XP level 7. HP: 53/55 MP: 8/12
  4737 | D:4      | Found a staircase to the Ecumenical Temple.
  4818 | D:4      | Found a glowing drain.
  4823 | Sewer    | Entered a sewer
  5038 | Sewer    | Noticed Pargi
  5051 | Sewer    | Killed Pargi
  5174 | D:4      | Reached skill level 7 in Poison Magic
  5378 | D:4      | Reached XP level 8. HP: 41/62 MP: 13/13
  6060 | D:5      | Entered Level 5 of the Dungeon
  6133 | D:5      | Noticed Prince Ribbit
  6143 | D:5      | Killed Prince Ribbit
  6269 | D:5      | Reached skill level 1 in Staves
  6277 | D:5      | Reached skill level 5 in Transmutations
  6296 | D:5      | Learned a level 5 spell: Freezing Cloud
  6397 | D:5      | Reached skill level 8 in Poison Magic
  6936 | D:5      | Found a white marble altar of Elyvilon.
  6995 | Temple   | Entered the Ecumenical Temple
  7225 | Temple   | Became a worshipper of Makhleb the Destroyer
  7572 | D:5      | Found a runed translucent door.
  7573 | D:5      | Noticed Crazy Yiuf
  7590 | D:5      | Reached skill level 5 in Air Magic
  7590 | D:5      | Reached XP level 9. HP: 68/68 MP: 13/15
  7865 | D:5      | Killed Crazy Yiuf
  8060 | D:6      | Found an opulent altar of Gozag.
  8061 | D:6      | Found an opulent altar of Gozag.
  8066 | D:6      | Found an opulent altar of Gozag.
  8074 | D:6      | Found an opulent altar of Gozag.
  8224 | D:6      | Reached skill level 9 in Poison Magic
  8813 | D:7      | Found an iron altar of Okawaru.
  9572 | D:7      | Noticed Joseph
  9586 | D:7      | Killed Joseph
  9587 | D:7      | Reached skill level 5 in Spellcasting
  9771 | D:7      | Reached skill level 10 in Poison Magic
  9771 | D:7      | Reached XP level 10. HP: 19/75 MP: 11/17
 10210 | D:7      | Noticed an unseen horror
 10227 | D:7      | Killed an unseen horror
 10329 | D:7      | Noticed a cyclops
 10601 | D:7      | Reached * piety under Makhleb
 10810 | D:7      | Noticed Duvessa
 10810 | D:7      | Noticed Dowan
 10827 | D:7      | Killed Dowan
 10840 | D:7      | Killed Duvessa
 11055 | D:7      | Found a broken altar of Ashenzari.
 11575 | D:7      | Annihilated by a cyclops

Illustrated notes

Levels and vault maps discovered:
D:1:      lordsloth_arrival_two_stooges, layout_loops_corners,
          basic_ecumenical_altar
D:2:      layout_loops_corners, basic_altar, uniq_sigmund
D:3:      layout_loops_ring, mainiacjoe_overflow_divided_tiny,
          palyth_stone_intersect, uniq_robin
D:4:      minmay_chambers_of_fours, layout_loops_ring,
          minmay_temple_entry_wispy, portal_sewer_entry_c, serial_bayou_pond_b
D:5:      layout_loops_ring, nicolae_elyvilon_temple_path, minmay_circle_x,
          uniq_crazy_yiuf_cottage, uniq_prince_ribbit1
D:6:      layout_loops_cross, nicolae_gozag_conspicuous_consumption
D:7:      minmay_cornered_nines, layout_basic, nicolae_ashenzari_skybound,
          lemuel_crystal_altar, uniq_joseph, uniq_duvessa
Temple:   dpeg_chambers_temple

Skill      XL: |  1  2  3  4  5  6  7  8  9 10 |
---------------+-------------------------------+-----
Transmutations | 3 4 5 7 |  7.4
Spellcasting   | 3 4 5 |  5.3
Air Magic      | 1 2 3 5 6 7 |  7.0
Poison Magic   | 5 6 7 8 10 | 10.5
Polearms       | 1 2 |  2.0
Staves         | 1 3 |  3.9
Dodging        | |  1.9
Stealth        | |  3.5
Conjurations   | |  0.5
Ice Magic      | |  0.5

Action                   |  1- 3 |  4- 6 |  7- 9 | 10-12 || total
-------------------------+-------+-------+-------+-------++-------
Melee: Unarmed           |    52 |     9 |       |       ||    61
       Staff             |       |   120 |   295 |       ||   415
       Punch             |       |     2 |     1 |       ||     3
       Quarterstaff      |       |       |   134 |   119 ||   253
 Cast: Sting             |    47 |    36 |    20 |       ||   103
       Poisonous Vapours |       |     2 |     2 |       ||     4
       Mephitic Cloud    |       |     3 |     9 |     5 ||    17
 Abil: Spit Poison       |     5 |     2 |    18 |     3 ||    28
Evoke: Wand              |       |       |     7 |       ||     7
  Use: Scroll            |       |     5 |     9 |     1 ||    15
 Stab: Sleeping          |       |     3 |     5 |     1 ||     9
       Confused          |       |       |     4 |     7 ||    11
       Paralysed         |       |       |     2 |       ||     2
Armor: Robe              |    21 |       |       |       ||    21
       Leather armour    |     2 |    87 |   287 |    71 ||   447
Dodge: Dodged            |    41 |    66 |   241 |    85 ||   433
